 Dungeon Crawl Stone Soup version 0.29-a0-344-ge2f44be95a (webtiles) character file.

Game seed: 6293808674441635578

114 thiscave3701365 the Covered (level 5, 0/42 HPs)
             Began as a Formicid Fighter on Apr 21, 2022.
             Slain by an orc
             ... wielding a +0 club
              (1 damage)
             ... on level 3 of the Dungeon.
             The game lasted 00:01:31 (2462 turns).

thiscave3701365 the Covered (Formicid Fighter)      Turns: 2462, Time: 00:01:31

Health: 0/42       AC:  8    Str: 23    XL:     5   Next: 18%
Magic:  5/5        EV:  9    Int:  7    God:
Gold:   117        SH:  4    Dex: 10    Spells: 4/4 levels left

rFire   . . .      SeeInvis +   a - +0 war axe
rCold   . . .      Faith    .   c - +0 buckler
rNeg    . . .      Spirit   .   b - +0 scale mail
rPois   .          Reflect  .   (helmet unavailable)
rElec   .          Harm     .   (no cloak)
rCorr   .          Rampage  .   (no gloves)
Will    .....                   m - +0 pair of boots
Stlth   ..........              (no amulet)
HPRegen 0.14/turn               (no ring)
MPRegen 0.09/turn               (no ring)

@: no status effects
A: permanent stasis, dig shafts and tunnels, antennae 3, four strong arms
a: Dig, Shaft Self


You were on level 3 of the Dungeon.
You visited 1 branch of the dungeon, and saw 3 of its levels.

You collected 117 gold pieces.

Inventory:

Hand Weapons
 a - a +0 war axe (weapon)
Armour
 b - a +0 scale mail (worn)
 c - a +0 buckler (worn)
 m - a +0 pair of boots (worn)
Scrolls
 e - 2 scrolls of immolation {unknown}
 f - a scroll of amnesia {unknown}
 g - 5 scrolls of identify {unknown}
 h - 2 scrolls of blinking {unknown}
 k - a scroll of torment {unknown}
 l - 2 scrolls of magic mapping {unknown}
Potions
 d - 2 potions of might
 i - 2 potions of curing {unknown}
 j - a potion of brilliance {unknown}


   Skills:
 + Level 3.7 Fighting
 + Level 3.4 Axes
 + Level 4.1 Armour
 + Level 1.0 Dodging
 + Level 0.4 Stealth
 + Level 4.0 Shields


You had 4 spell levels left.
You didn't know any spells.
Your spell library was empty.

Dungeon Overview and Level Annotations

Branches:
Dungeon (3/15)

Altars:

Shops:
D:2 ?


Innate Abilities, Weirdness & Mutations

You cannot be hasted, slowed, berserked, paralysed or teleported.
You can dig through walls and to a lower floor.
You have a pair of large antennae on your head. (SInv)
Your four strong arms can wield two-handed weapons with a shield.


Message History

The slug dart misses you.
You miss the orc wizard.
The orc wizard is moderately wounded.
You barely miss the dart slug. You closely miss the orc wizard.
The orc wizard closely misses you.
The orc wizard hits you with a +0 dagger.
You're too confused to move!
The dart slug bites you.
The orc wizard hits you but does no damage.
You hit the dart slug.
The dart slug is heavily wounded.
You hit the orc wizard. You closely miss the orc. You miss the orc wizard.
You feel less confused.
The orc wizard gestures at you while chanting.
The magic dart hits you. The orc wizard casts a spell at you.
The puff of flame hits you.
* * * LOW HITPOINT WARNING * * *
The orc hits you but does no damage. The dart slug barely misses you.
You closely miss the orc wizard.
The orc wizard is severely wounded.
You barely miss the orc. You closely miss the orc wizard.
You hit the dart slug.
You kill the dart slug!
The orc hits you but does no damage.
The orc wizard points at you and mumbles some strange words.
You resist with some effort. The orc wizard casts a spell at you.
The magic dart hits you but does no damage.
The orc hits you but does no damage. The orc wizard casts a spell at you.
The magic dart hits you!
* * * LOW HITPOINT WARNING * * *
The orc wizard points at you and mumbles some strange words.
The magic dart hits you.
* * * LOW HITPOINT WARNING * * *
You closely miss the orc wizard.
The orc wizard is severely wounded.
You closely miss the orc wizard. You barely miss the orc.
The orc wizard closely misses you. The orc hits you with a +0 club.
You die...

#### ...#
##...# .....#
#
#######...##.#
......#......#
#.(o#....#
#..@o.#
#..o###
.....?.
##.#####. ...
.# ### #


You could see 2 orc wizards and an orc.

Vanquished Creatures
  An orc wizard (D:3)
  3 adders (D:2)
  4 dart slugs
  4 orcs
  3 ball pythons
  3 bats (D:2)
  3 endoplasms
  A giant cockroach (D:1)
  3 goblins
  7 hobgoblins
  4 jackals (D:1)
  5 kobolds
  A quokka (D:1)
  2 frilled lizards (D:1)
  2 rats (D:1)
46 creatures vanquished.

Vanquished Creatures (others)
  An orc (D:3)
1 creature vanquished.

Grand Total: 47 creatures vanquished

Notes
Turn   | Place    | Note
-------+----------+-------------------------------------------
     0 | D:1      | thiscave3701365 the Formicid Fighter began the quest for
                  | the Orb.
     0 | D:1      | Reached XP level 1. HP: 18/18 MP: 1/1
   241 | D:1      | Reached XP level 2. HP: 20/24 MP: 2/2
   560 | D:1      | Found a faded altar of an unknown god.
   585 | D:1      | Reached XP level 3. HP: 29/29 MP: 3/3
   947 | D:2      | Reached XP level 4. HP: 33/35 MP: 4/4
  1208 | D:2      | Reached skill level 1 in Dodging
  1408 | D:2      | Found Diysekk's Magic Scroll Emporium.
  2455 | D:3      | Reached XP level 5. HP: 28/42 MP: 5/5
  2461 | D:3      | HP: 1/42 [orc wizard/magic dart (3)]
  2462 | D:3      | Slain by an orc

Illustrated notes

Levels and vault maps discovered:
D:1:      saegor_arrival_under_anarchy, layout_loops_ring,
          chequers_ecumenical_altar_island, nrook_mini_backslash, st_stairs_7
D:2:      layout_basic, serial_shops, nicolae_shop_hallway_plus,
          minmay_pentomino_v2
D:3:      layout_basic, uniq_crazy_yiuf_cottage, uniq_jessica, uniq_grinder

Skill      XL: |  1  2  3  4 |
---------------+-------------+-----
Shields        | 4 |  4.0
Dodging        | 1 |  1.0
Armour         | 4 |  4.1
Axes           | 3 |  3.4
Fighting       | |  3.7
Stealth        | |  0.4

Action                   |  1- 3 |  4- 6 || total
-------------------------+-------+-------++-------
Melee: War axe           |    71 |    39 ||   110
Armor: Scale mail        |    41 |    36 ||    77
Dodge: Dodged            |    28 |    22 ||    50
Block: Buckler           |    13 |    15 ||    28

Table legend: (Time is in decaauts)
 A = Elapsed time spent in this place.
 B = Non-inter-level travel time spent in this place.
 C = Inter-level travel time spent in this place.
 D = Time resting spent in this place.
 E = Time spent auto-exploring this place.
 F = Levels seen in this place.
 G = Mean time per level.
                   A        B        C        D        E       F      G
               +--------+--------+--------+--------+--------+-----+--------+
         Total |   2513 |   2441 |     72 |    639 |   1477 |   3 |  837.7 |
       Dungeon |   2513 |   2441 |     72 |    639 |   1477 |   3 |  837.7 |
               +--------+--------+--------+--------+--------+-----+--------+

Top non-repeatable levels by time:
     D:2: 1553 daAuts
     D:1: 931 daAuts
     D:3: 29 daAuts
